 Dungeon Crawl Stone Soup version 0.29.1-15-g9cfb28693d (webtiles) character file.

Game seed: 6434927864753548030

203 Gubbs the Twirler (level 6, -4/47 HPs)
             Began as a Human Gladiator on Mar 12, 2023.
             Succumbed to a gnoll's curare-tipped dart
             ... on level 4 of the Dungeon.
             The game lasted 00:11:11 (3945 turns).

Gubbs the Twirler (Human Gladiator)                 Turns: 3945, Time: 00:11:12

Health: -4/47      AC:  9    Str: 17    XL:     6   Next: 8%
Magic:  5/6        EV: 10    Int:  8    God:
Gold:   220        SH:  0    Dex: 14    Spells: 5/5 levels left

rFire   + . .      SeeInvis .   a - +0 quarterstaff
rCold   + . .      Faith    .   (shield currently unavailable)
rNeg    . . .      Spirit   .   m - +0 scale mail
rPois   +          Reflect  .   c - +0 helmet
rElec   +          Harm     .   (no cloak)
rCorr   +          Rampage  .   n - +1 pair of gloves {infuse}
Will    .....                   (no boots)
Stlth   ..........              q - amulet of regeneration
HPRegen 0.95/turn               (no ring)
MPRegen 0.10/turn               (no ring)

@: lethally poisoned (-4 -> -18), resistant, slowed, studying Shields, very slow
A: no striking features
a: no special abilities


You were on level 4 of the Dungeon.
You visited 1 branch of the dungeon, and saw 4 of its levels.

You collected 220 gold pieces.

Inventory:

Hand Weapons
 a - a +0 quarterstaff (weapon)
 r - a +1 whip of flaming
Missiles
 d - 5 throwing nets (quivered)
 e - a javelin
 h - 12 poisoned darts
 l - 15 stones
Armour
 c - a +0 helmet (worn)
 m - a +0 scale mail (worn)
 n - a +1 pair of gloves of infusion (worn)
 o - a +0 chain mail
Jewellery
 q - an amulet of regeneration (around neck)
Wands
 j - a wand of polymorph (2)
Scrolls
 p - a scroll of enchant weapon {unknown}
Potions
 b - a potion of mutation {unknown}
 f - a potion of resistance
 g - 2 potions of heal wounds {unknown}
 i - a potion of flight {unknown}
 k - 2 potions of curing {unknown}


   Skills:
 + Level 3.3 Fighting
 + Level 4.0 Staves
 + Level 3.3 Throwing
 + Level 2.4 Armour
 - Level 3.0 Dodging
 - Level 0.3 Spellcasting


You had 5 spell levels left.
You didn't know any spells.
Your spell library contained the following spells:

 Spells                   Type           Power      Damage    Failure   Level
 Apportation              Tloc           0%         N/A       82%         1
 Necrotise                Necr           0%         1d4       82%         1
 Summon Small Mammal      Summ           0%         N/A       82%         1


Dungeon Overview and Level Annotations

Branches:
Dungeon (4/15)
 Temple: D:4-7

Altars:
Ashenzari
Hepliaklqana

Shops:
D:1 [

Annotations:
D:3 3 runed translucent doors, javelincjr's ghost, amateur DjCj


Message History

You closely miss the hound.
The hound bites you but does no damage. x2
You thump the hound!
The hound is almost dead.
The hound misses you. The hound bites you.
You closely miss the hound.
The hound is severely wounded.
The hound barely misses you.
You hit the hound.
You kill the hound!
Your Staves skill increases to level 4!
You have reached level 6!
You start resting.
A gnoll comes into view.
It is wielding a +0 spear and quivering curare-tipped darts.
The gnoll shouts!
You hear a shout!
The gnoll throws a curare-tipped dart.
The curare-tipped dart hits you.
You are poisoned.
You have difficulty breathing.
You feel yourself slow down.
You feel extremely sick.
The gnoll throws a curare-tipped dart.
The curare-tipped dart hits you.
You are more poisoned.
You have difficulty breathing.
You feel as though you will be slow longer.
You feel extremely sick.
The gnoll throws a curare-tipped dart.
The curare-tipped dart hits you.
You are lethally poisoned!
You have difficulty breathing.
* * * LOW HITPOINT WARNING * * *
You feel as though you will be slow longer.
The gnoll throws a curare-tipped dart.
The curare-tipped dart barely misses you.
Aiming: Polymorph
Press: ? - help, Q - select action, (/) - cycle Shift-Dir - straight line, f - gnoll
Aim: a gnoll, wielding a +0 spear and quivering curare-tipped darts (will become an orc, a giant cockroach, or a frilled lizard, chance to affect: 57%)
The gnoll evaporates and reforms as a frilled lizard!
* * * LOW HITPOINT WARNING * * *
You feel extremely sick.
The frilled lizard unfolds its giant frill.
It was a potion of resistance.
You feel protected.
You die...

#..# #..# ####..#
#<....# #...g.
#.##.## +....# #.##.#
#....# #..#.#
#...g#######.#.#
#....)l..@...#.#
...#.########.#
#######..#.##.......#
.........#.##.#######
#######S##.##.#
#.##.##.# #.##.##.#
#....)..# ####.####


You could see a gnoll (wandering) and a frilled lizard.

Vanquished Creatures
  2 hounds (D:4)
  Terence (D:3)
  4 adders
  3 worms
  3 dart slugs
  2 orcs (D:3)
  2 endoplasms (D:1)
  3 giant cockroaches
  7 goblins
  2 hobgoblins (D:2)
  8 jackals
  6 kobolds
  3 quokkas
  5 ball pythons
  7 bats
  4 frilled lizards
  6 rats
68 creatures vanquished.

Notes
Turn   | Place    | Note
-------+----------+-------------------------------------------
     0 | D:1      | Gubbs the Human Gladiator began the quest for the Orb.
     0 | D:1      | Reached XP level 1. HP: 16/16 MP: 1/1
   217 | D:1      | Reached XP level 2. HP: 13/22 MP: 2/2
   380 | D:1      | Found Faddiwuc's Armour Shop.
   594 | D:1      | Reached XP level 3. HP: 26/27 MP: 3/3
   599 | D:1      | Reached skill level 1 in Armour
  1348 | D:2      | Found a faded altar of an unknown god.
  1510 | D:2      | Reached XP level 4. HP: 34/34 MP: 4/4
  2294 | D:3      | Noticed Terence
  2359 | D:3      | Killed Terence
  2360 | D:3      | Reached XP level 5. HP: 12/40 MP: 2/5
  2608 | D:3      | Found a runed translucent gate.
  2609 | D:3      | Found a runed translucent gate.
  2636 | D:3      | Found a runed translucent gate.
  2636 | D:3      | Noticed javelincjr's ghost (amateur DjCj)
  3445 | D:3      | Found a broken altar of Ashenzari.
  3445 | D:3      | Found a hazy altar of Hepliaklqana.
  3923 | D:4      | Reached skill level 4 in Staves
  3923 | D:4      | Reached XP level 6. HP: 44/47 MP: 3/6
  3944 | D:4      | HP: 1/47 [poisoned by a gnoll (curare-tipped dart)]
  3945 | D:4      | Succumbed to a gnoll's curare-tipped dart

Illustrated notes

Levels and vault maps discovered:
D:1:      mrwooster_arrival_arrow, layout_basic, serial_shops, shop
D:2:      layout_loops_ring, dreamdust_ecumenical_altar_angels_and_demons,
          chequers_avenue
D:3:      minmay_wonky_spiral, layout_basic, gammafunk_temple_overflow_statue,
          biasface_ghost_orc_armoury, chequers_arboretum, skrybe_limestone_x,
          st_stairs_6, uniq_terence
D:4:      layout_basic, kennysheep_generic_room_15

Skill      XL: |  1  2  3  4  5 |
---------------+----------------+-----
Armour         | 1 2 |  2.4
Throwing       | 3 |  3.3
Fighting       | 3 |  3.3
Staves         | 4 |  4.0
Dodging        | |  3.0
Spellcasting   | |  0.3

Action                   |  1- 3 |  4- 6 || total
-------------------------+-------+-------++-------
Melee: Quarterstaff      |   110 |   121 ||   231
       Unarmed           |       |     6 ||     6
Evoke: Wand              |       |     1 ||     1
  Use: Scroll            |       |     2 ||     2
       Potion            |       |     1 ||     1
Armor: Leather armour    |    27 |       ||    27
       Scale mail        |     9 |    53 ||    62
       Skin              |       |     9 ||     9
Dodge: Dodged            |    84 |    73 ||   157
